[Event "Early-Titled-Tuesday-Blitz-April-23-2024"]
[Site "Chess.com"]
[Date "2024.04.23"]
[Round "1"]
[White "kekic76"]
[Black "tusplingher"]
[Result "0-1"]
[WhiteElo "2334"]
[BlackElo "2649"]
[TimeControl "180+1"]
[EndTime "8:07:37 PDT"]
[Termination "tusplingher won by resignation"]

1. c4 e5 2. Nc3 Nf6 3. d3 Nc6 4. Nf3 d5 5. cxd5 Nxd5 6. Bd2 Be7 7. g3 Be6 8. Bg2 O-O 9. O-O f6 10. a3 a5 11. Rc1 Nxc3 12. Bxc3 Bd5 13. h4 Nd4 14. Bxd4 exd4 15. Qc2 c5 16. Nd2 Bxg2 17. Kxg2 a4 18. Qc4+ Kh8 19. Ne4 b6 20. b3 axb3 21.
Qxb3 f5 22. Nd2 Rf6 23. Nf3 Qc7 24. Ng5 Raf8 25. f3 Qc6 26. Rb1 h6 27. Nh3 Re6 28. Nf4 Ref6 29. Nd5 Re6 30. Nf4 Rd6 31. Rfe1 Bd8 32.
Qb5 Qc8 33. Qc4 Kh7 34. a4 Bf6 35. Nd5 Qe6 36. Nxf6+ Qxf6 37. Rb5 Re8 38. Qc2 Rde6 39. Kf2 Qe5 40. Kf1 Qxg3 41. Rb2 Qh3+ 42. Kg1 Qxh4 43. Qd2 Qg3+ 44. Kf1 Rg6 0-1

[Event "Early-Titled-Tuesday-Blitz-April-23-2024"]
[Site "Chess.com"]
[Date "2024.04.23"]
[Round "1"]
[White "UK_23"]
[Black "Vaathi_Coming"]
[Result "0-1"]
[WhiteElo "2484"]
[BlackElo "2857"]
[TimeControl "180+1"]
[EndTime "8:07:38 PDT"]
[Termination "Vaathi_Coming won by resignation"]

1. e4 c6 2. Nc3 d5 3. Nf3 Nf6 4.
e5 Ne4 5. d4 Nxc3 6. bxc3 c5 7.
Be2 Nc6 8. O-O Bg4 9. Rb1 Qc7 10. Ba3 e6 11. h3 Bh5 12. Re1 Be7 13. Qd2 O-O 14.
Qf4 Bg6 15. Bd3 c4 16. Bxe7 Nxe7 17. Bxg6 fxg6 18. Qg4 Nf5 19. h4 b6 20. h5 gxh5 21. Qxh5 h6 22. Nh4 Nxh4 23. Qxh4 Rf5 24. Re2 Raf8 25.
Qh3 Qf7 26. Rf1 Qg6 27. Re3 Rh5 28. Rg3 Rxh3 29. Rxg6 Rxc3 30. Rxe6 Rxc2 31. Rd6 Rxa2 32. e6 Re2 33. f4 c3 34. f5 c2 35. Rc6 b5 36. g4 b4 37. e7 Re8 38. f6 gxf6 39.
Rfxf6 R8xe7 40. Rg6+ Rg7 41. Kf1 Rd2 42. Rc8+ Kh7 43.
Rgc6 b3 44. Ke1 Rh2 45. Rc3 b2 46. Rxc2 b1=Q+ 0-1

[Event "Early-Titled-Tuesday-Blitz-April-23-2024"]
[Site "Chess.com"]
[Date "2024.04.23"]
[Round "1"]
[White "ViktoriyaTarasova"]
[Black "MatyChess1"]
[Result "0-1"]
[WhiteElo "2367"]
[BlackElo "2675"]
[TimeControl "180+1"]
[EndTime "8:07:38 PDT"]
[Termination "MatyChess1 won on time"]

1. d4 d5 2. c4 c6 3. Nf3 Nf6 4. Nc3 e6 5. Bg5 Nbd7 6. e3 Be7 7. Qc2 O-O 8. Bd3 h6 9. Bh4 a6 10. a4 b6 11. O-O Bb7 12. e4 Nxe4 13. Bxe7 Qxe7 14.
Nxe4 dxe4 15. Bxe4 Nf6 16. a5 Nxe4 17. Qxe4 c5 18. Qe3 Bxf3 19. Qxf3 bxa5 20. d5 exd5 21.
cxd5 Qc7 22. Qc3 Rfd8 23. Rfd1 Rab8 24. Rxa5 Rb5 25. Rxa6 Qb7 26. Ra5 Rxd5 27. Re1 Rxa5 28. Qxa5 Kh7 29. Qc3 Qb4 30. Qc2+ g6 31. Rc1 Rd2 32.
Qc3 Rxb2 33. Qf6 Qb3 34. h3 Rb1 35. Rxb1 Qxb1+ 36. Kh2 Qb3 37. Qe7 Qd5 38. Qc7 h5 39. h4 Kg7 40. g3 Qd4 41. Kg2 c4 42. Qc8 Qd5+ 43. Kh2 Qd4 44. Qh3 Qxf2+ 0-1

[Event "Early-Titled-Tuesday-Blitz-April-23-2024"]
[Site "Chess.com"]
[Date "2024.04.23"]
[Round "1"]
[White "zurzan"]
[Black "slorovel"]
[Result "1-0"]
[WhiteElo "2111"]
[BlackElo "2574"]
[TimeControl "180+1"]
[EndTime "8:07:39 PDT"]
[Termination "zurzan won by resignation"]

1. c4 b6 2. Nc3 Bb7 3. d4 e6 4. a3 f5 5. Nf3 Nf6 6. g3 Be7 7. Bg2 O-O 8. O-O d6 9. b4 Nbd7 10. Nd2 Bxg2 11. Kxg2 Qc8 12. e4 fxe4 13. Ndxe4 Nxe4 14. Nxe4 Qb7 15. f3 Nf6 16. Qd3 Rae8 17. Bb2 d5 18. Ng5 Bd8 19. c5 h6 20. Nh3 bxc5 21.
dxc5 e5 22. Rae1 e4 23. Qb1 a5 24. Nf4 axb4 25. axb4 exf3+ 26. Rxf3 Rxe1 27. Qxe1 Qxb4 28. Qe6+ Rf7 29. Bxf6 Bxf6 30. Nxd5 Qb2+ 31. Rf2 Qd4 32. Nxf6+ gxf6 33. Rf5 Kg7 34. Qd5 Qb2+ 35. Kh3 Re7 36. Qf3 Qd4 37. Qg4+ Qxg4+ 38. Kxg4 Kg6 39. Rd5 Re5 40.
Rxe5 fxe5 41. Kf3 Kf5 42. h3 c6 43. Ke3 h5 44. g4+ hxg4 45. hxg4+ Kxg4 46. Ke4 Kg5 47. Kxe5 Kg6 48. Kd6 Kf7 49. Kxc6 Ke8 50. Kb7 Kd8 1-0

[Event "Early-Titled-Tuesday-Blitz-April-23-2024"]
[Site "Chess.com"]
[Date "2024.04.23"]
[Round "1"]
[White "aloe_normansen"]
[Black "FLYD"]
[Result "0-1"]
[WhiteElo "2557"]
[BlackElo "2004"]
[TimeControl "180+1"]
[EndTime "8:07:39 PDT"]
[Termination "FLYD won by resignation"]

1. e4 c5 2. Nf3 Nc6 3. d4 cxd4 4.
Nxd4 Nf6 5. Nc3 e6 6. Ndb5 Bc5 7. Bf4 O-O 8. Bc7 Qe7 9. Bd6 Bxd6 10. Qxd6 Qd8 11.
O-O-O a6 12. Nd4 Ne7 13. f3 b5 14. g4 Bb7 15. Nb3 Bc6 16. h4 Rb8 17. Nc5 Ne8 18.
Qd4 Qb6 19. Nxd7 Qxd4 20. Rxd4 Rd8 21. Nxf8 Rxd4 22. Nxe6 fxe6 23. Bd3 e5 24. h5 Nc7 25. Ne2 Rd8 26. f4 exf4 27. Nxf4 Rf8 28. Nh3 Ne6 29. g5 Rf3 30. Be2 Rg3 31. g6 hxg6 32. hxg6 Bxe4 33.
Rh2 Nxg6 34. Nf2 Bf5 35. Rh5 Nd4 36. Bd3 Bxd3 37. Nxd3 Rg2 38. Rc5 Kf7 39. c3 Ne6 40.
Rc6 Rg3 41. Kd2 Rxd3+ 42. Kxd3 Ne5+ 43. Ke4 Nxc6 0-1

[Event "Early-Titled-Tuesday-Blitz-April-23-2024"]
[Site "Chess.com"]
[Date "2024.04.23"]
[Round "1"]
[White "Kyrko_Gamba"]
[Black "kids2010"]
[Result "0-1"]
[WhiteElo "2445"]
[BlackElo "2776"]
[TimeControl "180+1"]
[EndTime "8:07:40 PDT"]
[Termination "kids2010 won by checkmate"]

1. e4 c5 2. Nf3 e6 3. d4 cxd4 4. Nxd4 Nc6 5. Nc3 Qc7 6. g3 a6 7. Bg2 Nf6 8. O-O Nxd4 9. Qxd4 Bc5 10. Bf4 d6 11. Qd2 h6 12. Rad1 e5 13. Be3 Bb4 14.
a3 Bxc3 15. Qxc3 Qxc3 16. bxc3 Ke7 17. f4 Bg4 18. Rb1 b5 19. h3 Be2 20. Rf2 Bc4 21. g4 Rac8 22. g5 Nh5 23. fxe5 dxe5 24. Rf5 Be6 25.
Rxe5 hxg5 26. Bc5+ Kf6 27. Bd4 Kg6 28. Be3 Nf4 29.
Bxf4 gxf4 30. Rf1 Kf6 31. Rd5 Bxd5 32. exd5 g5 33. Rf3 Rhe8 34. d6 Rcd8 35. Rd3 Re6 36.
d7 Ke7 37. Bf3 f5 38. Rd5 Rxd7 39. Rxf5 Rd2 40. Kf1 Re3 41. Bg4 Rxc3 42. Rxg5 Rcxc2 43. Re5+ Kf6 44. Re1 Kg5 45. Ra1 Kh4 46. a4 b4 47. Rb1 a5 48. Kg1 Rc3 49. Rf1 Rg3+ 50. Kh1 f3 51. Bxf3 Kxh3 52. Bg2+ Rdxg2 53. Rf3 Rh2# 0-1

[Event "Early-Titled-Tuesday-Blitz-April-23-2024"]
[Site "Chess.com"]
[Date "2024.04.23"]
[Round "1"]
[White "SHIVACalypso"]
[Black "biostatistician"]
[Result "0-1"]
[WhiteElo "2434"]
[BlackElo "2756"]
[TimeControl "180+1"]
[EndTime "8:07:40 PDT"]
[Termination "biostatistician won by checkmate"]

1. c4 Nf6 2. Nc3 g6 3. g3 Bg7 4. Bg2 O-O 5. Nf3 b6 6. O-O Bb7 7. d4 Ne4 8. Qc2 Nxc3 9. Qxc3 c5 10. Be3 Nc6 11. Qd2 Nxd4 12. Nxd4 Bxg2 13. Kxg2 cxd4 14. Bxd4 Rc8 15. Bxg7 Kxg7 16. Qd4+ Kg8 17. Rfd1 d6 18. Rac1 Rc5 19. b3 Qc7 20. Rc3 b5 21. Rdc1 Rc8 22. e4 Qa5 23. R3c2 Qa3 24. Qd3 bxc4 25.
Rxc4 Qxc1 26. Rxc1 Rxc1 27. Qd4 a5 28. e5 R1c2 29.
exd6 exd6 30. a3 R2c3 31. Qd5 h5 32. b4 axb4 33. axb4 R3c6 34. b5 Rb6 35. h4 Rc5 36. Qa8+ Kg7 37. Qa1+ Kh7 38. Qf6 Rf5 39. Qd8 Rfxb5 40.
Qf8 Rf5 41. Kg1 Rb1+ 42. Kg2 d5 43. f4 Rb2+ 44. Kh3 Rb3 45. Qd6 Kg7 46. Kg2 Rd3 47. Qd8 Rf6 48. Qa5 Re6 49. Qa1+ d4 50. Qb1 Rd2+ 51. Kh3 Ree2 52. Qb4 Rh2# 0-1

[Event "Early-Titled-Tuesday-Blitz-April-23-2024"]
[Site "Chess.com"]
[Date "2024.04.23"]
[Round "1"]
[White "Rodalquilar"]
[Black "yonaltimur"]
[Result "1-0"]
[WhiteElo "2731"]
[BlackElo "2409"]
[TimeControl "180+1"]
[EndTime "8:07:40 PDT"]
[Termination "Rodalquilar won by resignation"]

1. d4 d5 2. Nf3 Nf6 3. Bf4 c5 4. e3 Nc6 5. c3 Qb6 6. Qc2 cxd4 7. exd4 Bf5 8. Qb3 e6 9. Nbd2 Be7 10. Be2 O-O 11. O-O h6 12. h3 Rfc8 13. Rfe1 Na5 14. Qxb6 axb6 15. Ne5 g5 16. Be3 Ne4 17. g4 Bh7 18. Nxe4 Bxe4 19. f3 Bh7 20. h4 Rc7 21. Bd3 Bxd3 22. Nxd3 Nc4 23. Bf2 Kg7 24. a3 Rh8 25.
Kg2 gxh4 26. Kh3 h5 27. g5 Bxg5 28. Rg1 Kf6 29. f4 Bh6 30. Bxh4+ Kf5 31. Rae1 f6 32. Re2 Rg7 33. Rge1 Re8 34. Nb4 Bxf4 35. Nxd5 Bg5 36. Rf1+ Kg6 37. Nxf6 Rf8 38. Rg2 Kh6 39. Bxg5+ Rxg5 40.
Rxg5 Rxf6 41. Rxf6+ Kxg5 42. Rxe6 1-0

[Event "Early-Titled-Tuesday-Blitz-April-23-2024"]
[Site "Chess.com"]
[Date "2024.04.23"]
[Round "1"]
[White "KorolDimitriy75"]
[Black "Sadykov_Ramil"]
[Result "1/2-1/2"]
[WhiteElo "2330"]
[BlackElo "2634"]
[TimeControl "180+1"]
[EndTime "8:07:40 PDT"]
[Termination "Game drawn by repetition"]

1. d4 d6 2. Nf3 g6 3. c4 Bg7 4. Nc3 Bg4 5. e3 e6 6. Be2 Ne7 7. O-O O-O 8. Rb1 c5 9. d5 exd5 10. cxd5 Bxf3 11. Bxf3 Nd7 12. Re1 f5 13. Qc2 a6 14. a4 Rb8 15. Be2 Kh8 16. b3 Ng8 17. Bb2 Ngf6 18. Rbd1 Re8 19. h3 Ne5 20. f4 Ned7 21.
Bd3 Re7 22. e4 fxe4 23. Nxe4 Nxe4 24. Bxg7+ Kxg7 25. Bxe4 Qf8 26. Bf3 Rbe8 27. Qc3+ Qf6 28. Qxf6+ Nxf6 29. Kf2 b5 30. g4 Rxe1 31. Rxe1 Rxe1 32.
Kxe1 bxa4 33. bxa4 a5 34. Kd2 Nd7 35. Kc3 Nb6 36. Kb3 Kf6 37. h4 h6 38. Be4 g5 39.
fxg5+ hxg5 40. h5 Ke5 41. Bf3 Kf6 42. Be4 Ke5 43. Bf3 Kf6 44. Be4 1/2-1/2

[Event "Early-Titled-Tuesday-Blitz-April-23-2024"]
[Site "Chess.com"]
[Date "2024.04.23"]
[Round "1"]
[White "K_A_S_T_O_R"]
[Black "Masterbeaterr"]
[Result "1-0"]
[WhiteElo "2856"]
[BlackElo "2483"]
[TimeControl "180+1"]
[EndTime "8:07:41 PDT"]
[Termination "K_A_S_T_O_R won by resignation"]

1. e4 e5 2. Nf3 Nc6 3. Bb5 a6 4. Ba4 Nf6 5. O-O Nxe4 6. d4 b5 7. Bb3 d5 8. dxe5 Be6 9. c3 Bc5 10. Qd3 f6 11. exf6 Qxf6 12. Be3 O-O-O 13. Nbd2 Nxd2 14.
Qxd2 Bxe3 15. Qxe3 Rhe8 16. Qc5 Kb7 17. Nd4 Ne5 18. Nxe6 Qxe6 19. Rad1 c6 20. a4 Qd6 21. Qd4 Re6 22. axb5 axb5 23. Ra1 c5 24. Qd2 Rg6 25. Kh1 d4 26. cxd4 Qxd4 27. Qa5 Rb6 28. Qa7+ Kc6 29. Qxg7 c4 30. Rad1 Qh4 31. Rxd8 Qxd8 32.
Qxe5 cxb3 33. Qe6+ Kb7 34. Qxb3 Qd4 35. Qf3+ Kb8 36.
Ra1 Rb7 37. Qf8+ Kc7 38. Rc1+ Kb6 39. Qh6+ Ka5 40. Ra1+ Kb4 41. Qc1 Rd7 42. h3 Rd5 43. Qh6 Qxf2 44. Qa6 Qxb2 45. Qa5+ Kb3 46. Re1 Qd2 47.
Rb1+ Kc2 48. Qa2+ Kc3 49. Qb3+ Kd4 50. Rd1 Ke4 51. Rxd2 Rxd2 1-0

[Event "Early-Titled-Tuesday-Blitz-April-23-2024"]
[Site "Chess.com"]
[Date "2024.04.23"]
[Round "1"]
[White "ValentinDragnev"]
[Black "dvglko"]
[Result "0-1"]
[WhiteElo "2740"]
[BlackElo "2452"]
[TimeControl "180+1"]
[EndTime "8:07:41 PDT"]
[Termination "dvglko won on time"]

1. d4 d5 2. Nf3 Nf6 3. Bf4 c5 4. e3 Nc6 5. Nbd2 cxd4 6. exd4 Bg4 7. c3 e6 8. Be2 Bd6 9. Bxd6 Qxd6 10. O-O O-O 11. Ne5 Bxe2 12. Qxe2 Nd7 13. f4 Ndxe5 14. fxe5 Qe7 15. Rf3 f5 16. exf6 Rxf6 17. Rxf6 Qxf6 18. Rf1 Qe7 19. Nf3 Rf8 20. Re1 Rf6 21. Ng5 Nd8 22. c4 Rf4 23. Nf3 Re4 24. Qc2 Rxe1+ 25. Nxe1 Qb4 26. Nf3 Qxc4 27. Qxc4 dxc4 28. Ne5 Nc6 29.
Nxc6 bxc6 30. Kf2 Kf7 31. Ke3 Ke7 32. Kf4 Kd6 33. Ke4 a5 34. a4 c5 35. dxc5+ Kxc5 36. Ke5 Kb4 37. Kd4 Kxa4 38. Kxc4 h5 39. h4 g6 40. g3 e5 41. Kc3 Kb5 42. Kd3 Kb4 43.
Ke4 Kb3 44. Kxe5 Kxb2 0-1

[Event "Early-Titled-Tuesday-Blitz-April-23-2024"]
[Site "Chess.com"]
[Date "2024.04.23"]
[Round "1"]
[White "DuleMudule"]
[Black "Lady_Nika"]
[Result "1-0"]
[WhiteElo "2823"]
[BlackElo "2471"]
[TimeControl "180+1"]
[EndTime "8:07:43 PDT"]
[Termination "DuleMudule won by checkmate"]

1. d4 d5 2. Bg5 c6 3. e3 g6 4. Bd3 Bg7 5. f4 Nf6 6. Nd2 O-O 7. Ngf3 b6 8. Ne5 c5 9. c3 Nfd7 10. Bh4 Nxe5 11. fxe5 Ba6 12. Bxa6 Nxa6 13. O-O f6 14.
exf6 exf6 15. Qa4 Nc7 16. Qc6 Qe7 17. e4 cxd4 18. exd5 dxc3 19. bxc3 Rad8 20. c4 g5 21. Bg3 Na6 22. Rae1 Qc5+ 23. Qxc5 Nxc5 24. Nb3 Nd3 25.
Re7 Ne5 26. Bxe5 fxe5 27. Nd2 Rxf1+ 28. Kxf1 Rf8+ 29. Ke2 Rf7 30. Re8+ Rf8 31. Re6 Rf4 32. Re8+ Rf8 33. Rxf8+ Kxf8 34. Ne4 h6 35. Nd6 a6 36.
Kd3 h5 37. a4 g4 38. Nc8 h4 39. h3 gxh3 40. gxh3 b5 41. cxb5 axb5 42. axb5 Ke8 43. Nd6+ Kd7 44. Nf5 Bf6 45. d6 Kc8 46. Ke4 Kb7 47.
Kd5 Kb6 48. Kc4 e4 49. Ne3 Be5 50. Nd5+ Kb7 51. d7 Bc7 52. Kd4 Bd8 53. Kxe4 Ka7 54. Kf5 Kb7 55. Kg6 Ka7 56. Kf7 Kb7 57. Ke8 Ka7 58.
Kxd8 Kb7 59. Ke7 Ka7 60. d8=Q Kb7 61. Qc7+ Ka8 62. Nb6# 1-0

[Event "Early-Titled-Tuesday-Blitz-April-23-2024"]
[Site "Chess.com"]
[Date "2024.04.23"]
[Round "1"]
[White "platy3"]
[Black "kacperkarwowski"]
[Result "1-0"]
[WhiteElo "2875"]
[BlackElo "2496"]
[TimeControl "180+1"]
[EndTime "8:07:44 PDT"]
[Termination "platy3 won by resignation"]

1. e4 c6 2. Nf3 d5 3. d3 dxe4 4. dxe4 Qxd1+ 5. Kxd1 Bg4 6. Be2 Bxf3 7. Bxf3 e5 8. c3 Nd7 9. Kc2 Bc5 10. Rf1 a5 11. Nd2 Ne7 12. a4 Ng6 13. g3 Ngf8 14. Nc4 Ne6 15. Bg4 Ke7 16. f4 f6 17. Bd2 h5 18.
Bf5 h4 19. Rad1 hxg3 20. hxg3 Rh2 21. Rh1 Rah8 22. Rxh2 Rxh2 23. Nxa5 Nd8 24. Kb1 b6 25. Nc4 Ne6 26. b4 Bf2 27. Be3 Bxg3 28. fxe5 Bxe5 29.
a5 bxa5 30. bxa5 Nb8 31. Bd4 Bxd4 32. cxd4 Nc7 33. d5 cxd5 34. exd5 Nb5 35. d6+ Kd8 36.
Rd3 Rh4 37. Be6 Re4 38. Bd5 Re1+ 39. Kb2 Na6 40. Bc6 Nc5 41. Rd5 Na4+ 42. Kb3 Nbc3 43. Rh5 Rb1+ 44. Kc2 Rb2+ 45. Kd3 Nc5+ 46. Kxc3 Rb3+ 47.
Kc2 Ne6 48. Rh8+ 1-0

[Event "Early-Titled-Tuesday-Blitz-April-23-2024"]
[Site "Chess.com"]
[Date "2024.04.23"]
[Round "1"]
[White "Ariadna_Atreides"]
[Black "andriipalchuk"]
[Result "0-1"]
[WhiteElo "2242"]
[BlackElo "2616"]
[TimeControl "180+1"]
[EndTime "8:07:44 PDT"]
[Termination "andriipalchuk won by resignation"]

1. d4 Nf6 2. Nf3 d5 3. e3 c5 4. b3 Nc6 5. Bd3 cxd4 6. exd4 Bg4 7. Be3 e6 8. O-O Bd6 9. h3 Bh5 10. Nbd2 O-O 11. a3 Qe7 12. b4 Rac8 13. c4 dxc4 14. Nxc4 Rfd8 15. Nxd6 Qxd6 16. g4 Bg6 17. Bxg6 hxg6 18.
b5 Na5 19. Qa4 Nc4 20. Bg5 Qd5 21. Kg2 Nd2 22. Bxd2 Ne4 23. Be3 f5 24. Rac1 fxg4 25. hxg4 Nf6 26. Bg5 Rf8 27. Bxf6 Rxc1 28. Rxc1 Rxf6 29.
Qd1 Rf4 30. Kg3 Qd6 31. Rc8+ Rf8+ 32. Ne5 Rxc8 33. Qd3 Rf8 34. Qxg6 Qe7 35. f4 Qf6 36. Qxf6 gxf6 37. Nd7 Rf7 38. Nc5 Re7 39. Kf3 b6 40. Ne4 Kg7 41. g5 fxg5 42. fxg5 Rd7 43. Ke3 Rd5 44. Nf6 Rxg5 45. Ne8+ Kf8 46. Nc7 Ke7 47.
Ke4 Kd7 48. Na6 Rxb5 49. Nb4 a5 50. Nc2 Kd6 51. a4 Rh5 52. Ne3 Rh4+ 53. Kd3 Rh3 54. Ke4 Rh4+ 55. Kd3 Kc6 56. Nc4 Rh3+ 57. Ke4 Rb3 58.
Ne5+ Kc7 59. Nc4 Rb4 60. Ne5 Rxa4 61. Kd3 Kd6 62. Ke4 Rb4 63. Nf7+ Ke7 64. Ne5 Rb1 65. Nc6+ Kd6 66. Ne5 b5 67. Kd3 a4 68. Kc2 Rb4 69. Kc3 Rb3+ 70. Kc2 Kd5 71. Nd3 Rxd3 0-1

[Event "Early-Titled-Tuesday-Blitz-April-23-2024"]
[Site "Chess.com"]
[Date "2024.04.23"]
[Round "1"]
[White "vasblesk"]
[Black "Eliwood44"]
[Result "1/2-1/2"]
[WhiteElo "2802"]
[BlackElo "2465"]
[TimeControl "180+1"]
[EndTime "8:07:45 PDT"]
[Termination "Game drawn - insufficient material"]

1. d4 Nf6 2. c4 e6 3. g3 d5 4. Bg2 Bb4+ 5. Bd2 Be7 6. Nf3 O-O 7. O-O c6 8. Qc2 b6 9. Bf4 Nh5 10. Bc1 Nf6 11. Nbd2 Nbd7 12. e4 dxe4 13. Nxe4 Bb7 14. Rd1 Nxe4 15. Qxe4 Nf6 16. Qc2 Qc8 17. c5 Rd8 18.
Bg5 h6 19. Bxf6 Bxf6 20. Rac1 Qc7 21. Qe4 Rd5 22. b4 a5 23. a3 axb4 24. axb4 Rad8 25. h4 bxc5 26. Rxc5 Qb6 27. Rxd5 cxd5 28. Qe1 Ba6 29. Ne5 Bxe5 30. dxe5 Rc8 31. Rb1 Rc2 32. b5 Bc8 33. Qe3 Qxe3 34. fxe3 Kf8 35. Rb4 Ke7 36. b6 Bb7 37.
Bf1 Rc1 38. Kf2 Rc2+ 39. Be2 Kd8 40. Ke1 f5 41. exf6 gxf6 42. Rg4 Rb2 43. Rg8+ Kd7 44. Rg7+ Kc6 45. Rg6 Kxb6 46. Rxf6 Bc8 47. Rxh6 Kc5 48.
Bg4 Rg2 49. Bxe6 Bxe6 50. Rxe6 Rxg3 51. Kf2 Rh3 52. Rh6 Kc4 53. h5 Kd3 54. Kg2 Rxe3 55. Rd6 Re5 56. h6 d4 57. Kf3 Rh5 58. Kg4 Rh1 59.
Kg5 Ke3 60. Re6+ Kd2 61. Kg6 d3 62. h7 Rxh7 63. Kxh7 Kc1 64. Rc6+ Kb2 65. Rd6 Kc2 66. Kg6 d2 67. Rc6+ Kb2 68. Rd6 Kc2 69. Rxd2+ Kxd2 1/2-1/2

[Event "Early-Titled-Tuesday-Blitz-April-23-2024"]
[Site "Chess.com"]
[Date "2024.04.23"]
[Round "1"]
[White "RasSanti"]
[Black "SlavenPastar"]
[Result "0-1"]
[WhiteElo "2281"]
[BlackElo "2625"]
[TimeControl "180+1"]
[EndTime "8:07:45 PDT"]
[Termination "SlavenPastar won by checkmate"]

1. d4 b6 2. c4 Bb7 3. Nc3 g6 4. e4 Bg7 5. Be3 d6 6. Qd2 Nd7 7. h4 h5 8. O-O-O e6 9. Bd3 a6 10.
Kb1 Qe7 11. Nh3 O-O-O 12. a3 Kb8 13. Ng5 f6 14. Nh3 Bh6 15. f4 Bg7 16. Rhg1 Nh6 17.
Nf2 Ng4 18. Nxg4 hxg4 19. g3 f5 20. Rge1 c5 21. d5 exd5 22. exd5 Rhe8 23. Bxc5 Nxc5 24. Rxe7 Rxe7 25. Bc2 Rde8 26. Rh1 Re3 27. h5 gxh5 28.
Bxf5 Nb3 29. Qd1 Nd4 30. Bg6 R8e7 31. Ka2 Nf3 32. Rxh5 Bxc3 33. bxc3 Re2+ 34. Kb3 Nd2+ 35. Kb4 Ka7 36. Rh7 a5+ 37. Ka4 R7e3 38. Rxb7+ Kxb7 39. Bf5 Ne4 40. Bxe4 Rxe4 41. Qd3 R2e3 42. Qf1 Rxc3 43. f5 Rexc4+ 44. Kb5 Rc5+ 45. Ka4 Rxd5 46. f6 Rd4+ 47.
Kb5 Rc5# 0-1

[Event "Early-Titled-Tuesday-Blitz-April-23-2024"]
[Site "Chess.com"]
[Date "2024.04.23"]
[Round "1"]
[White "Evgeny81"]
[Black "KhazhatulyAlikhan"]
[Result "1-0"]
[WhiteElo "2781"]
[BlackElo "2448"]
[TimeControl "180+1"]
[EndTime "8:07:47 PDT"]
[Termination "Evgeny81 won by checkmate"]

1. c4 Nf6 2. g3 e6 3. Bg2 d5 4. d4 Be7 5. Nf3 O-O 6. Na3 Bxa3 7.
bxa3 dxc4 8. Qc2 Nbd7 9. Qxc4 Nb6 10. Qc2 Bd7 11. Ne5 Ba4 12. Qb2 c6 13. O-O Qe7 14. Bd2 Rfd8 15. Ba5 Qd6 16. e3 Bb5 17. Rfc1 Nfd7 18.
Nf3 Rdc8 19. Nd2 e5 20. Ne4 Qe6 21. Bb4 Nc4 22. Qc2 exd4 23. exd4 a5 24. Bd2 Nxd2 25. Qxd2 Nf6 26. Nc5 Qe7 27. Re1 Qc7 28. Rac1 a4 29.
Qg5 h6 30. Qh4 Re8 31. h3 Qd6 32. Nxb7 Qxa3 33. Rxe8+ Rxe8 34. Qf4 Nd5 35. Bxd5 cxd5 36. Nd6 Re7 37. Nxb5 Qxa2 38. Rc8+ Kh7 39. Qf5+ g6 40. Qf6 Qb1+ 41. Kh2 Qh1+ 42. Kxh1 Re1+ 43. Kg2 Rh1 44.
Qh8# 1-0

[Event "Early-Titled-Tuesday-Blitz-April-23-2024"]
[Site "Chess.com"]
[Date "2024.04.23"]
[Round "1"]
[White "Let_it_be_1"]
[Black "AndresDelgado77"]
[Result "1-0"]
[WhiteElo "2652"]
[BlackElo "2341"]
[TimeControl "180+1"]
[EndTime "8:07:47 PDT"]
[Termination "Let_it_be_1 won by resignation"]

1. e4 e6 2. d4 d5 3. Nd2 Nc6 4. c3 e5 5. dxe5 dxe4 6. Qa4 Qd5 7. Qxe4 Qxe4+ 8. Nxe4 Nxe5 9. Bf4 f6 10. O-O-O Bf5 11.
Bxe5 fxe5 12. Bd3 O-O-O 13. Nd6+ cxd6 14. Bxf5+ Kc7 15. Nf3 Be7 16. Rhe1 Nh6 17. Be4 g6 18. Kc2 Rhf8 19. Re2 Bf6 20. Bd5 Nf5 21. Nd2 Ne7 22. Ne4 h6 23. f3 Bg7 24. Red2 Nf5 25. Rd3 Rfe8 26. Kd2 Re7 27. Ke2 Bf8 28. Bb3 g5 29. g4 Nh4 30. Nxd6 Red7 31. Nb5+ Kc8 32. Nxa7+ Kc7 33. Nb5+ Kc6 34. Rxd7 Rxd7 35. Rxd7 Kxd7 36. Bd5 b6 37. a4 Ng6 38. Be4 Nf4+ 39. Kd2 Bc5 40.
b4 Bg1 41. a5 bxa5 42. bxa5 Ne6 43. a6 Nc5 44. a7 Nxe4+ 45. fxe4 Bxa7 46. Nxa7 Kc7 47. Nb5+ Kc6 48. c4 Kc5 49. Kc3 1-0

[Event "Early-Titled-Tuesday-Blitz-April-23-2024"]
[Site "Chess.com"]
[Date "2024.04.23"]
[Round "1"]
[White "gabduschew"]
[Black "bangchess21"]
[Result "0-1"]
[WhiteElo "2451"]
[BlackElo "2793"]
[TimeControl "180+1"]
[EndTime "8:07:48 PDT"]
[Termination "bangchess21 won on time"]

1. b3 c5 2. Bb2 Nc6 3. f4 d6 4. Nf3 Nf6 5. e3 g6 6. Bb5 Bg7 7.
Bxc6+ bxc6 8. O-O O-O 9. c4 Re8 10. Nc3 Bf5 11. d3 e5 12. fxe5 dxe5 13. e4 Bg4 14.
Na4 Nd7 15. Qd2 f5 16. Rae1 Qc7 17. h3 Bh5 18. Qg5 f4 19. g4 fxg3 20. Qxg3 Qd6 21.
Nh4 Rf8 22. Bc3 Rf4 23. Ng2 Rxf1+ 24. Rxf1 Rf8 25. Rxf8+ Nxf8 26. Qe3 Ne6 27. Bb2 Qf8 28. Ba3 Nd4 29. Bxc5 Ne2+ 30. Kh2 Qf1 31. Qf2 Qd1 32. Bxa7 Qxd3 33. Nc5 Qd6 34. Bb6 Nd4 35. a4 Nf3+ 36. Kg3 Qe7 37. h4 Bf6 38. Kh3 Qe8 39. Ne3 Qc8+ 40.
Nf5 gxf5 41. Qg3+ Bg4+ 42. Kg2 Bxh4 0-1

[Event "Early-Titled-Tuesday-Blitz-April-23-2024"]
[Site "Chess.com"]
[Date "2024.04.23"]
[Round "1"]
[White "Flaccidmoves"]
[Black "TanitoluwaAps116"]
[Result "0-1"]
[WhiteElo "2447"]
[BlackElo "2781"]
[TimeControl "180+1"]
[EndTime "8:07:50 PDT"]
[Termination "TanitoluwaAps116 won by resignation"]

1. c4 e5 2. Nf3 Nc6 3. Nc3 Nf6 4. e3 d5 5. cxd5 Nxd5 6. Bb5 Nxc3 7. bxc3 Bd7 8. d4 Bd6 9. O-O O-O 10. e4 Qe7 11. Bg5 f6 12. Bh4 exd4 13. cxd4 Qxe4 14. Re1 Qd5 15. Qd3 Kh8 16. Bc4 Qh5 17. Bg3 Bxg3 18.
hxg3 Rad8 19. Qe4 Bg4 20. Rab1 Bf5 21. Rb5 Bxe4 22. Rxh5 Bxf3 23. gxf3 Nxd4 24. Kg2 Rfe8 25. Rxe8+ Rxe8 26. Rd5 Nc6 27. Rd7 Re7 28. Rd2 g6 29. Bb5 Ne5 30. f4 Nf7 31. Bc4 Nd6 32. Bb3 Kg7 33. Rc2 a6 34. Rd2 Nf5 35. Rd8 Nh6 36. Kf3 Nf7 37. Rb8 b6 38. Ra8 a5 39.
g4 g5 40. f5 Rd7 41. Kg3 Rd3+ 42. Kg2 Ne5 43. Rg8+ Kh6 44. Rf8 Nxg4 45. f3 Ne3+ 46. Kh3 g4+ 47. Kh4 Nxf5+ 48. Kxg4 Nd6 49. Rxf6+ Kg7 50.
Rf7+ Nxf7 0-1

[Event "Early-Titled-Tuesday-Blitz-April-23-2024"]
[Site "Chess.com"]
[Date "2024.04.23"]
[Round "1"]
[White "oggy1984"]
[Black "Skatchkov_V"]
[Result "0-1"]
[WhiteElo "2365"]
[BlackElo "2674"]
[TimeControl "180+1"]
[EndTime "8:07:51 PDT"]
[Termination "Skatchkov_V won on time"]

1. e4 e5 2. d4 exd4 3. Qxd4 Nc6 4. Qe3 Nf6 5. Nc3 Bb4 6. Bd2 O-O 7. O-O-O Re8 8. Qg3 Rxe4 9. f3 Re8 10. Bd3 d5 11.
Nge2 Ne5 12. Nf4 Nxd3+ 13. Nxd3 Bd6 14. Qh4 c6 15. Bg5 h6 16. Bxf6 Qxf6 17. Qxf6 gxf6 18. g4 f5 19. h3 Bd7 20. Rhg1 Kh7 21. g5 Re3 22.
gxh6 Kxh6 23. Rdf1 Ree8 24. f4 Rg8 25. Ne5 Be6 26.
Ne2 Bc5 27. Rxg8 Rxg8 28. Kd2 Rg2 29. c3 d4 30. Nd3 dxc3+ 31. bxc3 Bb6 32. a4 Rh2 33.
Rf3 Bb3 34. Rg3 Bxa4 35. Ne5 Bb3 36. c4 Ba2 37. Nxf7+ Kh5 38. Ne5 Ba5+ 39. Kd3 Bb1+ 40. Ke3 Bb6+ 41. Kd2 Bd8 42. Rg8 Bf6 43. Rf8 Bxe5 44.
fxe5 Rxh3 45. e6 Rd3+ 46. Ke1 Re3 47. Kd2 Re4 0-1

[Event "Early-Titled-Tuesday-Blitz-April-23-2024"]
[Site "Chess.com"]
[Date "2024.04.23"]
[Round "1"]
[White "AlainBruxelles"]
[Black "Nf3c5"]
[Result "0-1"]
[WhiteElo "2345"]
[BlackElo "2654"]
[TimeControl "180+1"]
[EndTime "8:07:51 PDT"]
[Termination "Nf3c5 won on time"]

1. e4 c5 2. Nf3 Nc6 3. Nc3 e5 4. Bc4 Be7 5. a4 d6 6. O-O h6 7.
h3 Nf6 8. d3 O-O 9. Nd5 Be6 10.
c3 Nd7 11. Nxe7+ Qxe7 12. Nd2 Nb6 13. Bb3 Na5 14. Bxe6 fxe6 15. Qg4 Kh7 16. b4 cxb4 17. cxb4 Nc6 18. a5 Nd7 19. Ba3 Nd4 20. Rac1 Nf6 21. Qd1 Rac8 22. Nc4 Rc7 23. Re1 Rfc8 24. Qa4 b5 25.
axb6 axb6 26. b5 Ne8 27. Bb2 d5 28. exd5 exd5 29. Bxd4 dxc4 30. Rxe5 Qh4 31. Ba1 Nf6 32. Re6 Nd5 33. dxc4 Nf4 34. Re3 Qg5 35. g3 Ne2+ 36. Kh2 Nxc1 37. Qc2+ Qg6 38. Qxc1 Rxc4 39.
Qf1 Rc1 40. Re1 Qb1 41. Rxc1 Rxc1 42. Qe2 Qxa1 43. Qe4+ g6 44. Qe7+ Qg7 45. Qe4 Rc7 46.
h4 Rf7 47. Kg1 h5 48. Qe3 Qf6 49. Kg2 Re7 50. Qd3 Qe6 0-1